 Dungeon Crawl Stone Soup version 0.18-a0-739-gdae9da8 (webtiles) character file.

51 4thArraOfDagon the Chopper (level 3, -1/20 HPs)
             Began as a Vine Stalker Berserker on Dec 10, 2015.
             Was a Follower of Trog.
             Splashed by a jelly's acid (5 damage)
             ... on level 5 of the Dungeon.
             The game lasted 00:03:11 (392 turns).

4thArraOfDagon the Chopper (Vine Stalker Berserker)  Turns: 392, Time: 00:03:12

Health: -1/20      AC:  2    Str: 20    XL:     3   Next: 81%
Magic:  0/4        EV: 12    Int: 12    God:    Trog [*.....]
Gold:   32         SH:  0    Dex: 13    Spells: 0 memorised, 2 levels left

rFire  . . .     SeeInvis .     a - +0 hand axe
rCold  . . .     Clarity  .     b - +0 animal skin
rNeg   . . .     SustAt   .     (no shield)
rPois  .         Gourm    .     (no helmet)
rElec  .         Spirit   +     (no cloak)
rCorr  .         Dismiss  .     (no gloves)
rMut   .         Stasis   .     (no boots)
MR     .....                    (no amulet)
Stlth  +.........               (no ring)
                                (no ring)

@: brilliant, exhausted, not resistant to hostile enchantments, very unstealthy
A: fangs 2, regeneration 1, magic shield, antimagic bite, no device heal 3, rot
immunity
a: Berserk, Burn Spellbooks, Renounce Religion


You were on level 5 of the Dungeon.
You worshipped Trog.
Trog was aware of your devotion.
You were not hungry.

You visited 1 branch of the dungeon, and saw 4 of its levels.

You collected 32 gold pieces.

Inventory:

Hand Weapons
 a - a +0 hand axe (weapon)
Armour
 b - a +0 animal skin (worn)
Scrolls
 d - a scroll of blinking {unknown}
 g - a scroll of remove curse {unknown}
 h - a scroll of amnesia {unknown}
Potions
 f - 2 potions of curing
 i - a potion of haste {unknown}
 j - a potion of might {unknown}
Comestibles
 c - 2 bread rations
 k - a beef jerky
 l - a slice of pizza


   Skills:
 + Level 3.0 Fighting
 * Level 3.5 Axes
 + Level 2.2 Armour
 - Level 1.5 Dodging


You had 2 spell levels left.
You didn't know any spells.

Dungeon Overview and Level Annotations

Branches:
Dungeon (3/15)

Altars:

Annotations:
D:3 Sigmund


Innate Abilities, Weirdness & Mutations

You have extremely sharp teeth.
Your natural rate of healing is unusually fast.
When hurt, damage is shared between your health and your magic reserves.
Your bite disrupts and absorbs the magic of your enemies.
Potions and wands cannot restore your health.
You are immune to rotting.


Message History

You kill the adder!
Trog accepts your kill.
Unknown command.
You see here a bread ration.
c - 2 bread rations (gained 1)
The jelly barely misses you. The jelly misses you. The jelly hits you.
You are splashed with acid!
The acid burns!
* * * LOW HITPOINT WARNING * * *
The jelly completely misses you.
Unknown command.
The jelly hits you but does no damage.
Unknown command.
A quasit comes into view.
The quasit gives a chilling moan.
You feel yourself speed up. The jelly hits you.
* * * LOW HITPOINT WARNING * * *
You are splashed with acid!
The acid burns!
You die...

...........#
###...........###
##...............##
#...†.............###
..##..................##
........................
#.......................
####....................
#####.......J@..5....
###..............
####...........
####....#### ###.## .#
.# .#


You could see a jelly and a quasit.

Vanquished Creatures
  Natasha (D:3)
  An adder (D:5)
  A giant gecko (D:1)
  2 bats (D:1)
  2 giant cockroaches (D:1)
  5 goblins (D:1)
  A hobgoblin (D:1)
  2 kobolds (D:1)
  A rat (D:3)
16 creatures vanquished.

Notes
Turn   | Place    | Note
--------------------------------------------------------------
     0 | D:1      | 4thArraOfDagon the Vine Stalker Berserker began the quest for the Orb.
     0 | D:1      | Reached XP level 1. HP: 11/11 MP: 2/2
   106 | D:1      | Reached XP level 2. HP: 14/16 MP: 3/3
   111 | D:1      | Reached skill level 3 in Axes
   351 | D:3      | Noticed Natasha
   358 | D:3      | Killed Natasha
   358 | D:3      | Reached XP level 3. HP: 20/20 MP: 4/4
   362 | D:3      | Noticed Sigmund
   376 | D:3      | You fall through a shaft for 2 floors!
   376 | D:5      | Entered Level 5 of the Dungeon
   392 | D:5      | Splashed by a jelly's acid

Vault maps used:
D:1:      lightli_arrival_maybe_door_vault, hex_intersection
D:2:      nemelex_deck, cheibriados_altar_1
D:3:      kennysheep_the_goblin_king, serial_bayou_lagoon_b, uniq_grinder,
          uniq_natasha, uniq_sigmund
D:5:      good_gods_temple_1, kennysheep_mini, first_bread

Action                   || total
-------------------------++-------
Melee: Hand axe          ||    32
Invok: Berserk           ||     2
  Use: Potion            ||     2
 Stab: Sleeping          ||     1
